 Dungeon Crawl Stone Soup version 0.27-a0-334-g52645efa06 (webtiles) character file.

Game seed: 11907228478484353579

938 skwiii the Chopper (level 7, -1/100 HPs)
             Began as a Minotaur Berserker on Feb 14, 2021.
             Was an Elder of Trog.
             Splashed by a jelly's acid (7 damage)
             ... on level 5 of the Dungeon.
             The game lasted 00:14:51 (5475 turns).

skwiii the Chopper (Minotaur Berserker)             Turns: 5475, Time: 00:14:52

Health: -1/100     AC: -9    Str: 24    XL:     7   Next: 87%
Magic:  0/6        EV: 12    Int:  4    God:    Trog [****..]
Gold:   197        SH:  0    Dex:  9    Spells: 6/6 levels left

rFire    . . .     SeeInvis .   a - +0 hand axe
rCold    . . .     Faith    .   (no shield)
rNeg     . . .     Spirit   +   b - +0 animal skin
rPois    .         Reflect  .   (helmet restricted)
rElec    .         Harm     .   (no cloak)
rCorr    .         Rampage  .   (no gloves)
Will     .....                  (no boots)
Stlth    ..........             d - amulet of guardian spirit
HPRegen  0.26/turn              (no ring)
MPRegen  0.10/turn              (no ring)

@: berserking, corroded, very quick
A: retaliatory headbutt, horns 2
a: Renounce Religion, Berserk, Trog's Hand, Brothers in Arms


You were on level 5 of the Dungeon.
You worshipped Trog.
Trog was greatly pleased with you.
You visited 1 branch of the dungeon, and saw 5 of its levels.

You collected 197 gold pieces.

Inventory:

Hand Weapons
 a - a +0 hand axe (weapon)
 j - a +0 scythe
Armour
 b - a +0 animal skin (worn)
 u - the +0 ring mail "Qaeleuta" {*Drain rF+ rN++ Str+4, unknown}
   (You found it on level 4 of the Dungeon)

   It affects your strength (+4).
   It protects you from fire.
   It greatly protects you from negative energy.
   It causes draining when unequipped.
Jewellery
 d - an amulet of guardian spirit (around neck)
 e - a ring of protection from fire
 o - a ring of see invisible {unknown}
Wands
 i - a wand of digging (8)
 x - a wand of iceblast (3)
Scrolls
 c - 2 scrolls of fear {unknown}
 g - a scroll of blinking
 k - a scroll of teleportation
 l - a scroll of amnesia
 q - a scroll of immolation {unknown}
 r - 2 scrolls of identify
 w - a scroll of enchant armour {unknown}
 y - 2 scrolls of magic mapping {unknown}
Potions
 f - a potion of cancellation {unknown}
 h - a potion of degeneration {unknown}
 n - 2 potions of lignification
 p - 2 potions of curing
 s - a potion of brilliance {unknown}
 t - a potion of might
 v - a potion of berserk rage {unknown}
 z - a potion of haste {unknown}


   Skills:
 * Level 7.7 Fighting
 * Level 7.8 Axes
 + Level 5.3 Armour
 - Level 2.1 Dodging


You had 6 spell levels left.
You didn't know any spells.
Your spell library was empty.

Dungeon Overview and Level Annotations

Branches:
Dungeon (5/15)             Temple (0/1) D:5

Altars:
Elyvilon
Qazlal
Sif Muna
Trog
The Shining One


Innate Abilities, Weirdness & Mutations

You reflexively headbutt those who attack you in melee.
You have a pair of horns on your head.


Message History

You are splashed with acid!
You barely miss the jelly.
The jelly is lightly wounded.
You hit the bush but do no damage. The jelly hits you.
You are splashed with acid.
You hit the jelly.
Your hands burn!
The jelly is heavily wounded.
You hit the bush but do no damage. The jelly barely misses you.
You hit the jelly.
Your hands burn!
You headbutt the jelly, but do no damage.
The jelly is heavily wounded.
You hit the bush but do no damage. The jelly completely misses you.
You are too injured to fight recklessly!
Unknown command.
You hit the jelly.
Your hands burn!
The jelly is severely wounded.
You hit the bush. The jelly hits you.
You are splashed with acid!
You are too injured to fight recklessly!
You are too injured to fight recklessly!
You are too injured to fight recklessly!
Unknown command.
You feel much better. The jelly hits you.
You are splashed with acid!
You hit the jelly but do no damage.
Your hands burn!
The jelly is severely wounded.
You hit the bush but do no damage. The jelly hits you.
You are splashed with acid!
* * * LOW HITPOINT WARNING * * *
You hit the jelly but do no damage.
Your hands burn!
* * * LOW HITPOINT WARNING * * *
The jelly is severely wounded.
You hit the bush but do no damage. The jelly hits you.
* * * LOW HITPOINT WARNING * * *
The acid corrodes you!
You are splashed with acid!
* * * LOW HITPOINT WARNING * * *
A red film seems to cover your vision as you go berserk!
You feel yourself moving faster!
You feel mighty! The jelly hits you.
* * * LOW HITPOINT WARNING * * *
You are splashed with acid!
You die...

...........# #........#
..........### #.......##
............###..#.....#
......#......#...#......
......#.#.............>.
........................
.............##........#
.................>.....#
........>......P@?......
.........##....J).......
.....................##
....................#
...........$.#
..............⌠
.#..#..........
..##.#....#..⌠


You could see a jelly.

Vanquished Creatures
  Sigmund (D:2)
  The ghost of ENesbit the Chopper, an amateur HOAK of Lugonu (D:3)
  2 ogres (D:4)
  Blork the orc (D:4)
  A howler monkey (D:4)
  A hound (D:3)
  Crazy Yiuf (D:2)
  Jessica (D:2)
  Ijyb (D:4)
  Natasha (twice) (D:2)
  Robin (D:4)
  9 adders
  An ooze (D:1)
  2 adder skeletons (D:4)
  A worm (D:2)
  A dart slug (D:2)
  3 leopard geckos
  2 orcs
  5 giant cockroaches
  17 goblins
  14 hobgoblins
  9 jackals
  A ball python (D:3)
  15 bats
  7 frilled lizards
  12 kobolds
  6 rats
118 creatures vanquished.

Vanquished Creatures (others)
  A hobgoblin (D:4)
  A quokka (D:2)
  A fungus (D:2)
3 creatures vanquished.

Grand Total: 121 creatures vanquished

Notes
Turn   | Place    | Note
-------+----------+-------------------------------------------
     0 | D:1      | skwiii the Minotaur Berserker began the quest for the Orb.
     0 | D:1      | Reached XP level 1. HP: 19/19 MP: 0/0
   327 | D:1      | Reached XP level 2. HP: 26/27 MP: 1/1
   587 | D:1      | Reached XP level 3. HP: 28/33 MP: 2/2
   588 | D:1      | Reached ** piety under Trog
  1140 | D:2      | Noticed Sigmund
  1149 | D:2      | Killed Sigmund
  1150 | D:2      | Reached skill level 5 in Fighting
  1150 | D:2      | Reached skill level 5 in Axes
  1150 | D:2      | Reached XP level 4. HP: 42/42 MP: 1/3
  1150 | D:2      | Reached XP level 5. HP: 48/48 MP: 1/4
  1315 | D:2      | Found a white marble altar of Elyvilon.
  1363 | D:2      | Noticed Jessica
  1375 | D:2      | Killed Jessica
  1848 | D:2      | Noticed Natasha
  1853 | D:2      | Killed Natasha
  1854 | D:2      | Reached XP level 6. HP: 51/57 MP: 3/5
  2130 | D:2      | Found a runed translucent door.
  2131 | D:2      | Noticed Crazy Yiuf
  2539 | D:2      | Killed Crazy Yiuf
  2558 | D:2      | Noticed Natasha
  2564 | D:2      | Killed Natasha
  2629 | D:3      | Found a bloodstained altar of Trog.
  2735 | D:3      | Reached *** piety under Trog
  2827 | D:3      | Found a runed translucent gate.
  2827 | D:3      | Found a runed translucent gate.
  2834 | D:3      | Found a runed translucent gate.
  2835 | D:3      | Noticed ENesbit's ghost (amateur HOAK)
  3108 | D:3      | Killed ENesbit's ghost
  3109 | D:3      | Reached XP level 7. HP: 64/64 MP: 4/6
  3701 | D:3      | Found a stormy altar of Qazlal.
  3701 | D:3      | Found a shimmering blue altar of Sif Muna.
  4332 | D:4      | Noticed Blork the orc
  4336 | D:4      | Reached skill level 5 in Armour
  4346 | D:4      | Killed Blork the orc
  4349 | D:4      | Got a distressingly furry ring mail
  4360 | D:4      | Found a glowing golden altar of the Shining One.
  4571 | D:4      | Noticed Ijyb
  4576 | D:4      | Noticed Robin
  4598 | D:4      | HP: 1/66 [Ijyb/iceblast (11)]
  4609 | D:4      | Killed Ijyb
  4618 | D:4      | Reached **** piety under Trog
  5046 | D:4      | Killed Robin
  5389 | D:5      | Entered Level 5 of the Dungeon
  5451 | D:5      | Found a staircase to the Ecumenical Temple.
  5475 | D:5      | Splashed by a jelly's acid

Illustrated notes

Levels and vault maps discovered:
D:1:      wander_arrival_estate, layout_basic
D:2:      wad_river_or_something, layout_basic, elyvilon_altar_4,
          kennysheep_generic_room_6, uniq_natasha, uniq_crazy_yiuf_cottage,
          uniq_jessica, uniq_sigmund
D:3:      layout_loops_ring, nicolae_overflow_hidden_temple,
          ebering_ghost_rock_garden, trog_hazing_becter
D:4:      layout_cave_pods, nicolae_tso_carved_into_rock, uniq_robin, uniq_ijyb,
          uniq_blork_the_orc
D:5:      layout_cave_pools, zin_statuary, lemuel_crystal_altar,
          nemelex_xobeh_ov_fountains_minmay, minmay_temple_entry_overgrown,
          corexii_leaking_fountain

Skill      XL: |  1  2  3  4  5  6  7 |
---------------+----------------------+-----
Fighting       | 4 5 6 7 |  7.7
Axes           | 4 5 6 7 |  7.8
Armour         | 3 4 5 |  5.3
Dodging        | |  2.1

Action                   |  1- 3 |  4- 6 |  7- 9 || total
-------------------------+-------+-------+-------++-------
Melee: Hand axe          |    54 |   122 |    82 ||   258
       Headbutt          |     6 |    17 |    14 ||    37
Invok: Berserk           |     1 |     3 |     3 ||     7
       Trog's Hand       |       |       |     1 ||     1
  Use: Scroll            |     1 |     1 |     4 ||     6
       Potion            |       |       |     5 ||     5
 Stab: Sleeping          |       |     1 |       ||     1
Armor: Animal skin       |    20 |    22 |    10 ||    52
Dodge: Dodged            |    44 |    98 |    50 ||   192

Table legend: (Time is in decaauts)
 A = Elapsed time spent in this place.
 B = Non-inter-level travel time spent in this place.
 C = Inter-level travel time spent in this place.
 D = Time resting spent in this place.
 E = Time spent auto-exploring this place.
 F = Levels seen in this place.
 G = Mean time per level.
                   A        B        C        D        E       F      G
               +--------+--------+--------+--------+--------+-----+--------+
         Total |   5514 |   5362 |    152 |    948 |   3444 |   5 | 1102.8 |
       Dungeon |   5514 |   5362 |    152 |    948 |   3444 |   5 | 1102.8 |
               +--------+--------+--------+--------+--------+-----+--------+

Top non-repeatable levels by time:
     D:4: 1512 daAuts
     D:2: 1456 daAuts
     D:3: 1268 daAuts
     D:1: 1193 daAuts
     D:5: 84 daAuts
